| TOP OF THE 1ST |
|
Dayton Dragons batting - Pitching for Hartford Yard Goats : RHP Logan Ramsey
|
|
Pitching: RHP Logan Ramsey
|
|
|
Batting: LHB Jeremy Robertson
|
0-0: Ball 1-0: Ball 2-0: Ball 3-0: Base on Balls
|
|
Batting: LHB Leo Gomez
|
0-0: Ball 1-0: Fly out, F7 (Flyball, 7D, EV 91.9 MPH)
|
|
Batting: LHB Matt Kennedy
|
0-0: Ball 1-0: Ball Jeremy Robertson steals 2nd, throwing error, E2 Jeremy Robertson to third 2-0: Fly out, F7 (Flyball, 7D, EV 90.0 MPH) Runner from 3rd tags up, OUT at HOME! 7-2
|
| Top of the 1st over - 0 runs, 0 hits, 1 error, 0 left on base; Dayton 0 - Hartford 0 |
| BOTTOM OF THE 1ST |
|
Hartford Yard Goats batting - Pitching for Dayton Dragons : RHP Gil Villanueva
|
|
Pitching: RHP Gil Villanueva
|
|
|
Batting: RHB Doug D'Onofrio
|
0-0: Ball 1-0: Ball 2-0: Called Strike 2-1: Ball 3-1: Foul Ball, location: 2F 3-2: Foul Ball, location: 2F 3-2: Foul Ball, location: 2F 3-2: Foul Ball, location: 2F 3-2: SINGLE (Flyball, 6D, EV 90.0 MPH)
|
|
Batting: LHB Paul McClintock
|
0-0: Ball 1-0: Foul Ball, location: 2F 1-1: DOUBLE (Line Drive, 8LXD, EV 108.1 MPH) Doug D'Onofrio to third Runner from 3rd tries for Home, SAFE, throw by CF to trailing runner, SAFE at third!
|
|
Batting: RHB John Corfield
|
0-0: Called Strike 0-1: Foul Ball, location: 2F 0-2: SINGLE (Line Drive, 78M, EV 91.9 MPH) Paul McClintock scores
|
|
Batting: RHB Manny Thompson
|
0-0: Called Strike 0-1: Ball 1-1: Ball 2-1: Ball 3-1: Grounds into double play, 4-6-3 (Groundball, 34, EV 82.5 MPH)
|
|
Batting: RHB Seisaburo Edagawa
|
0-0: Called Strike 0-1: Swinging Strike 0-2: Ball 1-2: Ground out 4-3 (Groundball, 4, EV 97.5 MPH)
|
| Bottom of the 1st over - 2 runs, 3 hits, 0 errors, 0 left on base; Dayton 0 - Hartford 2 |
| TOP OF THE 2ND |
|
Dayton Dragons batting - Pitching for Hartford Yard Goats : RHP Logan Ramsey
|
|
Batting: LHB Chris Redhead
|
0-0: Foul Ball, location: 2F 0-1: Ball 1-1: Ball 2-1: Ball 3-1: Base on Balls
|
|
Batting: RHB Chris Zamora
|
0-0: Ball 1-0: SINGLE (Groundball, 4D, EV 109.4 MPH) Chris Redhead to second Runner from 2nd tries for 3rd, SAFE, throw by RF made to third
|
|
Batting: LHB Ray Walden
|
0-0: Ball 1-0: Ball 2-0: Ball 3-0: Called Strike 3-1: Base on Balls Chris Zamora to second
|
|
Batting: RHB Juan Zamora
|
0-0: Ball 1-0: Ball 2-0: Foul Ball, location: 2F 2-1: Ball 3-1: Base on Balls Chris Redhead scores Chris Zamora to third Ray Walden to second
|
|
Batting: RHB Aaron Barraza
|
0-0: Ball 1-0: Ball 2-0: Ball 3-0: Called Strike 3-1: Foul Ball, location: 2F 3-2: Foul Ball, location: 2F 3-2: Foul Ball, location: 2F 3-2: Foul Ball, location: 2F 3-2: GRAND SLAM HOME RUN (Flyball, 7D, EV 98.8 MPH), Distance : 380 ft
|
|
Batting: RHB Yutaka Sato
|
0-0: Ball 1-0: Ball 2-0: Called Strike 2-1: Ball 3-1: Fly out, F3 (Line Drive, 3, EV 66.2 MPH)
|
|
Batting: LHB Jeremy Robertson
|
0-0: Ball 1-0: Ball 2-0: Ball 3-0: Swinging Strike 3-1: Foul Ball, location: 2F 3-2: Foul Ball, location: 2F 3-2: Foul Ball, location: 2F 3-2: Foul Ball, location: 2F 3-2: Base on Balls
|
|
Batting: LHB Leo Gomez
|
0-0: Ball Jeremy Robertson steals 2nd base (no throw) 1-0: Called Strike 1-1: Ball 2-1: Ball 3-1: SINGLE (Groundball, 6S, EV 64.4 MPH) (infield hit) Jeremy Robertson to third
|
|
Pitching: RHP Befikadu Mthuthuzeli
|
|
|
Batting: LHB Matt Kennedy
|
0-0: Called Strike Leo Gomez steals 2nd base 0-1: Foul Ball, location: 2F 0-2: Ball 1-2: Foul Ball, location: 2F 1-2: SINGLE (Line Drive, 4MD, EV 96.9 MPH) Jeremy Robertson scores Leo Gomez to third Runner from 3rd tries for Home, SAFE, throw by CF to home Matt Kennedy to second
|
|
Batting: LHB Chris Redhead
|
0-0: Ball 1-0: Ball 2-0: Called Strike 2-1: Ground out 4-3 (Groundball, 4, EV 87.5 MPH) Matt Kennedy to third
|
|
Batting: RHB Chris Zamora
|
0-0: 2-RUN HOME RUN (Flyball, 7LD, EV 93.1 MPH), Distance : 353 ft
|
|
Batting: LHB Ray Walden
|
0-0: Ball 1-0: Called Strike 1-1: Called Strike 1-2: Foul Ball, location: 2F 1-2: Fly out, F7 (Flyball, 7D, EV 107.5 MPH)
|
| Top of the 2nd over - 9 runs, 5 hits, 0 errors, 0 left on base; Dayton 9 - Hartford 2 |
| BOTTOM OF THE 2ND |
|
Hartford Yard Goats batting - Pitching for Dayton Dragons : RHP Gil Villanueva
|
|
Batting: SHB Clayton Saunders
|
0-0: Called Strike 0-1: Ground out 5-3 (Groundball, 5, EV 88.1 MPH)
|
|
Batting: RHB John Clark
|
0-0: Fly out, F8 (Flyball, 8LD, EV 99.4 MPH)
|
|
Batting: RHB Ighlas Mwara
|
0-0: Foul Ball, location: 2F 0-1: Ball 1-1: Ball 2-1: Fly out, F8 (Flyball, 8RM, EV 81.2 MPH)
|
| Bottom of the 2nd over - 0 runs, 0 hits, 0 errors, 0 left on base; Dayton 9 - Hartford 2 |
| TOP OF THE 3RD |
|
Dayton Dragons batting - Pitching for Hartford Yard Goats : RHP Befikadu Mthuthuzeli
|
|
Batting: RHB Juan Zamora
|
0-0: Foul Ball, location: 2F 0-1: Ball 1-1: Foul Ball, location: 2F 1-2: Foul Ball, location: 2F 1-2: Foul Ball, location: 2F 1-2: Ground out 6-3 (Groundball, 6S, EV 68.8 MPH)
|
|
Batting: RHB Aaron Barraza
|
0-0: Foul Ball, location: 2F 0-1: Ground out U3 (Groundball, 34, EV 88.1 MPH)
|
|
Batting: RHB Yutaka Sato
|
0-0: Ball 1-0: Called Strike 1-1: Ball 2-1: Ball 3-1: Fly out, F8 (Flyball, 8LM, EV 91.2 MPH)
|
| Top of the 3rd over - 0 runs, 0 hits, 0 errors, 0 left on base; Dayton 9 - Hartford 2 |
| BOTTOM OF THE 3RD |
|
Hartford Yard Goats batting - Pitching for Dayton Dragons : RHP Gil Villanueva
|
|
Batting: RHB Gashie Chimsima
|
0-0: Called Strike 0-1: Swinging Strike 0-2: Foul Ball, location: 2F 0-2: Ball 1-2: Foul Ball, location: 2F 1-2: Ball 2-2: Foul Ball, location: 2F 2-2: Strikes out swinging
|
|
Batting: RHB Doug D'Onofrio
|
0-0: Ball 1-0: Ball 2-0: Called Strike 2-1: Ball 3-1: Called Strike 3-2: Foul Ball, location: 2F 3-2: Ground out 5-3 (Groundball, 5, EV 84.4 MPH)
|
|
Batting: LHB Paul McClintock
|
0-0: Swinging Strike 0-1: Foul Ball, location: 2F 0-2: Strikes out swinging
|
| Bottom of the 3rd over - 0 runs, 0 hits, 0 errors, 0 left on base; Dayton 9 - Hartford 2 |
| TOP OF THE 4TH |
|
Dayton Dragons batting - Pitching for Hartford Yard Goats : RHP Befikadu Mthuthuzeli
|
|
Pitching: RHP Josh Blaschke
|
|
|
Batting: LHB Jeremy Robertson
|
0-0: Ball 1-0: Ball 2-0: Called Strike 2-1: Foul Ball, location: 2F 2-2: Ball 3-2: Foul Ball, location: 2F 3-2: Ground out 5-3 (Groundball, 5S, EV 92.5 MPH)
|
|
Batting: LHB Leo Gomez
|
0-0: Ball 1-0: Foul Ball, location: 2F 1-1: Swinging Strike 1-2: Strikes out swinging
|
|
Batting: LHB Matt Kennedy
|
0-0: Foul Ball, location: 2F 0-1: Foul Ball, location: 2F 0-2: Ball 1-2: Ball 2-2: Ground out 5-3 (Groundball, 6, EV 83.1 MPH)
|
| Top of the 4th over - 0 runs, 0 hits, 0 errors, 0 left on base; Dayton 9 - Hartford 2 |
| BOTTOM OF THE 4TH |
|
Hartford Yard Goats batting - Pitching for Dayton Dragons : RHP Gil Villanueva
|
|
Batting: RHB John Corfield
|
0-0: Swinging Strike 0-1: Called Strike 0-2: Ball 1-2: Foul Ball, location: 2F 1-2: Fly out, F8 (Flyball, 89D, EV 108.8 MPH)
|
|
Batting: RHB Manny Thompson
|
0-0: Ball 1-0: Fly out, F4 (Popup, 4, EV 71.9 MPH)
|
|
Batting: RHB Seisaburo Edagawa
|
0-0: Foul Ball, location: 2F 0-1: Foul Ball, location: 2F 0-2: Ball 1-2: SINGLE (Line Drive, 34D, EV 98.1 MPH)
|
|
Batting: SHB Clayton Saunders
|
0-0: Foul Ball, location: 2F 0-1: Called Strike 0-2: Strikes out swinging
|
| Bottom of the 4th over - 0 runs, 1 hit, 0 errors, 1 left on base; Dayton 9 - Hartford 2 |
| TOP OF THE 5TH |
|
Dayton Dragons batting - Pitching for Hartford Yard Goats : RHP Josh Blaschke
|
|
Batting: LHB Chris Redhead
|
0-0: Ground out 5-3 (Groundball, 56S, EV 86.9 MPH)
|
|
Batting: RHB Chris Zamora
|
0-0: Ball 1-0: Ball 2-0: Ball 3-0: Base on Balls
|
|
Pitching: RHP Bobby Servin
|
|
|
Batting: LHB Ray Walden
|
0-0: Called Strike 0-1: Swinging Strike 0-2: Foul Ball, location: 2F 0-2: Strikes out looking
|
|
Batting: RHB Juan Zamora
|
0-0: Ball 1-0: Called Strike 1-1: Called Strike 1-2: Foul Ball, location: 2F 1-2: Ground out 1-3 (Groundball, P, EV 70.0 MPH)
|
| Top of the 5th over - 0 runs, 0 hits, 0 errors, 1 left on base; Dayton 9 - Hartford 2 |
| BOTTOM OF THE 5TH |
|
Hartford Yard Goats batting - Pitching for Dayton Dragons : RHP Gil Villanueva
|
|
Batting: RHB John Clark
|
0-0: Ball 1-0: Ground out 6-3 (Groundball, 6M, EV 108.8 MPH)
|
|
Batting: RHB Ighlas Mwara
|
0-0: Ball 1-0: Foul Ball, location: 2F 1-1: Ground out 6-3 (Groundball, 6, EV 97.5 MPH)
|
|
Batting: RHB Gashie Chimsima
|
0-0: DOUBLE (Line Drive, 78M, EV 101.9 MPH)
|
|
Batting: RHB Doug D'Onofrio
|
0-0: Called Strike 0-1: Foul Ball, location: 2F 0-2: Foul Ball, location: 2F 0-2: Ball 1-2: Foul Ball, location: 2F 1-2: SINGLE (Groundball, 3D, EV 106.2 MPH) Gashie Chimsima to third Runner from 3rd tries for Home, throw by RF and OUT! 9-2
|
| Bottom of the 5th over - 0 runs, 2 hits, 0 errors, 1 left on base; Dayton 9 - Hartford 2 |
| TOP OF THE 6TH |
|
Dayton Dragons batting - Pitching for Hartford Yard Goats : RHP Bobby Servin
|
|
Batting: RHB Aaron Barraza
|
0-0: Called Strike 0-1: Called Strike 0-2: Ball 1-2: Ball 2-2: Foul Ball, location: 2F 2-2: Ground out 4-3 (Groundball, 4, EV 82.5 MPH)
|
|
Batting: RHB Yutaka Sato
|
0-0: Called Strike 0-1: Called Strike 0-2: Ball 1-2: Strikes out swinging
|
|
Batting: LHB Jeremy Robertson
|
0-0: Ball 1-0: Fly out, F7 (Line Drive, 7LM, EV 90.0 MPH)
|
| Top of the 6th over - 0 runs, 0 hits, 0 errors, 0 left on base; Dayton 9 - Hartford 2 |
| BOTTOM OF THE 6TH |
|
Hartford Yard Goats batting - Pitching for Dayton Dragons : RHP Gil Villanueva
|
|
Batting: LHB Paul McClintock
|
0-0: Foul Ball, location: 2F 0-1: Ball 1-1: Foul Ball, location: 2F 1-2: Ball 2-2: Strikes out swinging
|
|
Batting: RHB John Corfield
|
0-0: Called Strike 0-1: Ball 1-1: Ball 2-1: Ball 3-1: Swinging Strike 3-2: Strikes out swinging
|
|
Batting: RHB Manny Thompson
|
0-0: Ball 1-0: Foul Ball, location: 2F 1-1: Foul Ball, location: 2F 1-2: Strikes out swinging
|
| Bottom of the 6th over - 0 runs, 0 hits, 0 errors, 0 left on base; Dayton 9 - Hartford 2 |
| TOP OF THE 7TH |
|
Dayton Dragons batting - Pitching for Hartford Yard Goats : RHP Bobby Servin
|
|
Batting: LHB Leo Gomez
|
0-0: Ball 1-0: Swinging Strike 1-1: Ball 2-1: Fly out, F9 (Flyball, 89D, EV 98.1 MPH)
|
|
Batting: LHB Matt Kennedy
|
0-0: Ball 1-0: Ball 2-0: Ball 3-0: Base on Balls
|
|
Pitching: RHP Wilson Mendez
|
|
|
Batting: LHB Chris Redhead
|
0-0: DOUBLE (Line Drive, 78D, EV 106.9 MPH) Matt Kennedy to third
|
|
Batting: RHB Chris Zamora
|
0-0: Swinging Strike 0-1: Ground out 5-3 (Groundball, 56, EV 85.0 MPH) Matt Kennedy scores
|
|
Batting: LHB Ray Walden
|
0-0: Ball 1-0: Foul Ball, location: 2F 1-1: Ball 2-1: Swinging Strike 2-2: Strikes out swinging
|
| Top of the 7th over - 1 run, 1 hit, 0 errors, 1 left on base; Dayton 10 - Hartford 2 |
| BOTTOM OF THE 7TH |
|
Hartford Yard Goats batting - Pitching for Dayton Dragons : RHP Gil Villanueva
|
|
Batting: RHB Seisaburo Edagawa
|
0-0: Ball 1-0: Ball 2-0: Ground out 3-1 (Groundball, 34, EV 90.6 MPH)
|
|
Batting: SHB Clayton Saunders
|
0-0: Ball 1-0: Ball 2-0: Ball 3-0: Base on Balls
|
|
Pitching: RHP Jalen Patterson
|
|
|
Batting: RHB John Clark
|
0-0: SINGLE (Groundball, 56S, EV 64.4 MPH) (infield hit) Clayton Saunders to second
|
|
Pinch Runner at 1st Kevin Tangeman:
|
|
|
Batting: RHB Ighlas Mwara
|
0-0: Called Strike 0-1: Swinging Strike 0-2: Ball 1-2: Strikes out looking
|
|
Pinch Hitting: SHB Craig Ruzic
|
0-0: Called Strike 0-1: Ball 1-1: Ball 2-1: Ground out 1-3 (Groundball, 34S, EV 68.1 MPH)
|
| Bottom of the 7th over - 0 runs, 1 hit, 0 errors, 2 left on base; Dayton 10 - Hartford 2 |
| TOP OF THE 8TH |
|
Dayton Dragons batting - Pitching for Hartford Yard Goats : RHP Wilson Mendez
|
|
Now at 1B: John Corfield
|
|
|
Now at 3B: Kevin Tangeman
|
|
|
Now at SS: Craig Ruzic
|
|
|
Batting: RHB Juan Zamora
|
0-0: Called Strike 0-1: Foul Ball, location: 2F 0-2: Ball 1-2: Ball 2-2: SOLO HOME RUN (Line Drive, 7D, EV 104.4 MPH), Distance : 381 ft
|
|
Batting: RHB Aaron Barraza
|
0-0: Called Strike 0-1: Foul Ball, location: 2F 0-2: Foul Ball, location: 2F 0-2: Ball 1-2: Ball 2-2: Ball 3-2: Base on Balls
|
|
Pitching: LHP Juan Rivera
|
|
|
Batting: RHB Yutaka Sato
|
0-0: Swinging Strike 0-1: Ball 1-1: Foul Ball, location: 2F 1-2: Ball Balk! Aaron Barraza to second 2-2: Strikes out swinging
|
|
Batting: LHB Jeremy Robertson
|
0-0: DOUBLE (Flyball, 89D, EV 100.0 MPH) Aaron Barraza scores
|
|
Batting: LHB Leo Gomez
|
0-0: Called Strike 0-1: Ground out 5-3 (Groundball, 56, EV 100.0 MPH)
|
|
Batting: LHB Matt Kennedy
|
0-0: Swinging Strike 0-1: Ground out 6-3 (Groundball, 4, EV 103.8 MPH)
|
| Top of the 8th over - 2 runs, 2 hits, 0 errors, 1 left on base; Dayton 12 - Hartford 2 |
| BOTTOM OF THE 8TH |
|
Hartford Yard Goats batting - Pitching for Dayton Dragons : RHP Jalen Patterson
|
|
Batting: RHB Doug D'Onofrio
|
0-0: Called Strike 0-1: Reaches on Catchers interference
|
|
Batting: LHB Paul McClintock
|
0-0: Called Strike 0-1: Ball 1-1: Swinging Strike 1-2: Foul Ball, location: 2F 1-2: Strikes out looking
|
|
Batting: RHB John Corfield
|
0-0: Foul Ball, location: 2F 0-1: Ball 1-1: Ball 2-1: Foul Ball, location: 2F 2-2: SINGLE (Line Drive, 34D, EV 98.8 MPH) Doug D'Onofrio to second
|
|
Batting: RHB Manny Thompson
|
0-0: Ball 1-0: Swinging Strike 1-1: Grounds into double play, 3-6-3 (Groundball, 34, EV 106.2 MPH)
|
| Bottom of the 8th over - 0 runs, 1 hit, 1 error, 1 left on base; Dayton 12 - Hartford 2 |
| TOP OF THE 9TH |
|
Dayton Dragons batting - Pitching for Hartford Yard Goats : LHP Juan Rivera
|
|
Pinch Hitting: RHB Andy Bachman
|
0-0: Foul Ball, location: 2F 0-1: Foul Ball, location: 2F 0-2: Ball 1-2: Foul Ball, location: 2F 1-2: Ball 2-2: Ball 3-2: Base on Balls
|
|
Batting: RHB Chris Zamora
|
0-0: Foul Ball, location: 2F 0-1: Ball 1-1: Swinging Strike 1-2: Foul Ball, location: 2F 1-2: Ball 2-2: Foul Ball, location: 2F 2-2: Ball 3-2: Base on Balls Andy Bachman to second
|
|
Pitching: RHP Jim Crooks
|
|
|
Batting: LHB Ray Walden
|
0-0: Ball 1-0: Foul Ball, location: 2F 1-1: Ball 2-1: Foul Ball, location: 2F 2-2: Foul Ball, location: 2F 2-2: Ball 3-2: Strikes out looking
|
|
Batting: RHB Juan Zamora
|
0-0: Called Strike 0-1: Called Strike 0-2: Ball Wild Pitch! Andy Bachman to third Chris Zamora to second 1-2: Ball 2-2: Ball 3-2: Base on Balls
|
|
Batting: RHB Aaron Barraza
|
0-0: Called Strike 0-1: Foul Ball, location: 2F 0-2: Grounds into double play, 4-6-3 (Groundball, 34, EV 86.2 MPH)
|
| Top of the 9th over - 0 runs, 0 hits, 0 errors, 2 left on base; Dayton 12 - Hartford 2 |
| BOTTOM OF THE 9TH |
|
Hartford Yard Goats batting - Pitching for Dayton Dragons : RHP Jalen Patterson
|
|
Now in LF: Matt Kennedy
|
|
|
Now in RF: Tim Kirk
|
|
|
Batting: RHB Seisaburo Edagawa
|
0-0: SINGLE (Line Drive, 9LS, EV 106.9 MPH)
|
|
Batting: SHB Clayton Saunders
|
0-0: Ball 1-0: Foul Ball, location: 2F 1-1: Ball 2-1: Swinging Strike 2-2: Strikes out swinging
|
|
Pinch Hitting: LHB Mick Tucker
|
0-0: Ball 1-0: SINGLE (Line Drive, 89M, EV 106.9 MPH) Seisaburo Edagawa to second
|
|
Batting: RHB Ighlas Mwara
|
0-0: Ball 1-0: Swinging Strike 1-1: Fly out, F2 (Popup, 3SF, EV 77.5 MPH)
|
|
Pitching: RHP Juan Hernandez
|
|
|
Batting: SHB Craig Ruzic
|
0-0: Called Strike 0-1: Ball 1-1: Ball 2-1: Swinging Strike 2-2: Strikes out swinging
|
| Bottom of the 9th over - 0 runs, 2 hits, 0 errors, 2 left on base; Dayton 12 - Hartford 2 |
|